 Dungeon Crawl Stone Soup version 0.23-a0-143-g1adec7b (webtiles) character file.

1521 Amnesiac the Destroyer (level 8, 0/52 HPs)
             Began as a Mummy Wanderer on Sept 3, 2018.
             Was a Believer of Dithmenos.
             Slain by a centaur zombie (5 damage)
             ... on level 6 of the Dungeon.
             The game lasted 00:19:44 (7895 turns).

Amnesiac the Destroyer (Mummy Wanderer)             Turns: 7895, Time: 00:19:45

Health: 0/52       AC:  6    Str: 13    XL:     8   Next: 54%
Magic:  16/19      EV: 11    Int: 17    God:    Dithmenos [**....]
Gold:   32         SH:  0    Dex: 13    Spells: 11/22 levels left

rFire    x . .     SeeInvis .   k - +0 short sword (speed)
rCold    + . .     Gourm    .   (no shield)
rNeg     + + +     Faith    .   r - +1 robe of the Great Game {rPois Regen+ Int+3}
rPois    ∞         Spirit   .   t - +1 helmet
rElec    .         Reflect  .   (no cloak)
rCorr    .         Harm     .   (no gloves)
MR       +....                  u - +0 pair of boots
Stlth    +.........             (no amulet)
HPRegen  0.57/turn              d - ring of wizardry
MPRegen  0.16/turn              (no ring)

@: wreathed by umbra
A: no food or potions, fire vulnerability, cold resistance 1, negative energy
resistance 3, torment resistance, unbreathing
a: Shadow Step, Renounce Religion


You were on level 6 of the Dungeon.
You worshipped Dithmenos.
Dithmenos was pleased with you.
You were not hungry.

You visited 2 branches of the dungeon, and saw 7 of its levels.

You collected 257 gold pieces.
You spent 225 gold pieces at shops.

Inventory:

Hand Weapons
 k - a +0 short sword of speed (weapon)
 l - a +0 vampiric whip
 m - a +0 blowgun
 o - the +8 hand crossbow "Beesky" {penet, rN+}
   (You found it on level 4 of the Dungeon)

   Ammo fired by it will pass through the targets it hits, potentially hitting
   all targets in its path until it reaches maximum range.
   It protects you from negative energy.
Missiles
 n - 10 poisoned needles
 s - 4 curare-tipped needles
Armour
 r - the +1 robe of the Great Game (worn) {rPois Regen+ Int+3}
   (You took it off a centaur on level 6 of the Dungeon)

   It affects your intelligence (+3).
   It protects you from poison.
   It increases your rate of regeneration.
 t - a +1 helmet (worn)
 u - a +0 pair of boots (worn)
Jewellery
 d - a ring of wizardry (left hand)
Wands
 a - a wand of clouds (5)
Scrolls
 b - a scroll of teleportation {!r}
 f - 2 scrolls of amnesia {!r, unknown}
 g - 4 scrolls of fog {!r}
 h - 6 scrolls of identify {!r}
 i - 4 scrolls of remove curse {!r}
 j - a scroll of immolation {!r}
 p - a scroll of torment {!r, unknown}
 q - a scroll of vulnerability {!r, unknown}


   Skills:
 + Level 7.9 Spellcasting
 * Level 8.0 Conjurations
   Level 2.4 Transmutations
 - Level 1.5 Evocations


You had 11 spell levels left.
You knew the following spells:

 Your Spells              Type           Power        Failure   Level  Hunger
a - Magic Dart            Conj           ####         1%          1    N/A
b - Call Imp              Summ           #.......     6%          2    N/A
e - Mephitic Cloud        Conj/Pois/Air  ###.....     4%          3    N/A
s - Conjure Flame         Conj/Fire      ###.....     2%          3    N/A
v - Blink                 Tloc           N/A          6%          2    N/A

Your spell library contained the following spells:

 Spells                   Type           Power        Failure   Level  Hunger
 Slow                     Hex            #.......     6%          2    N/A

Dungeon Overview and Level Annotations

Branches:
Dungeon (6/15)             Temple (1/1) D:4

Altars:
Ashenzari
Cheibriados
Dithmenos
Elyvilon
Fedhas
Hepliaklqana
Kikubaaqudgha
Okawaru
Qazlal
Ru
Trog
Uskayaw
Vehumet
Wu Jian
Yredelemnul
Zin
The Shining One

Shops:
D:6 [[

Annotations:
D:3 derval's ghost, weakling GnSu


Innate Abilities, Weirdness & Mutations

You do not eat or drink.
Your flesh is vulnerable to fire.
You are immune to poison.
Your flesh is cold resistant. (rC+)
You are immune to negative energy. (rN+++)
You are immune to unholy pain and torment.
You can survive without breathing.


Message History

Dithmenos accepts your kill.
You hit the gnoll.
The gnoll is moderately wounded.
The gnoll hits you but does no damage.
You hit the gnoll.
The gnoll is heavily wounded.
You hit the gnoll but do no damage.
The gnoll is heavily wounded.
You closely miss the gnoll.
The gnoll is heavily wounded.
The gnoll hits you with a spear.
* * * LOW HITPOINT WARNING * * *
The gnoll misses you.
You hit the gnoll.
The gnoll is severely wounded.
The gnoll barely misses you. The gnoll hits you but does no damage.
You closely miss the gnoll.
The gnoll is severely wounded.
You barely miss the gnoll.
The gnoll is severely wounded.
The gnoll closely misses you. The gnoll hits you with a club.
* * * LOW HITPOINT WARNING * * *
You closely miss the gnoll.
The gnoll is severely wounded.
The gnoll hits you with a spear.
* * * LOW HITPOINT WARNING * * *
You hit the gnoll.
You kill the gnoll!
Dithmenos accepts your kill. The gnoll hits you with a club.
* * * LOW HITPOINT WARNING * * *
You closely miss the gnoll. The gnoll closely misses you.
You barely miss the gnoll. The gnoll barely misses you.
You hit the gnoll.
The gnoll is heavily wounded.
You hit the gnoll but do no damage.
The gnoll is heavily wounded.
The gnoll hits you with a club.
* * * LOW HITPOINT WARNING * * *
You hit the gnoll.
The gnoll is heavily wounded.
The gnoll misses you.
You hit the gnoll.
The gnoll is severely wounded.
You hit the gnoll.
The gnoll is almost dead.
The gnoll barely misses you.
You hit the gnoll.
The gnoll is almost dead.
The gnoll barely misses you.
You hit the gnoll but do no damage.
The gnoll is almost dead.
You hit the gnoll.
You kill the gnoll!
Dithmenos accepts your kill.
Casting: Magic Dart (safe; 1% risk of failure)
Confirm with . or Enter, or press ? or * to list all spells.
Aiming: Conjure Flame (safe; 2% risk of failure)
Press: ? - help, Dir - move target cursor The fire ignites!
The centaur zombie hits you.
* * * LOW HITPOINT WARNING * * *
The centaur zombie is engulfed in blazing flames.
The centaur zombie hits you.
You die...

######## ######
#......################# #....#
#......#.........#....<. #....#
#......#.........'...... #)...#
#.....)@Z........#...... '....#
#......#.........#...... #†...#
#......#.........#......
#.########......#....####'##.##..
######..#########....####.##.####
.........# #........#.........
.........# #........#.........
.........# #...[....#._.......
.........# #..................


You could see a centaur zombie.

Vanquished Creatures
  Prince Ribbit (D:6)
  An orc warrior (D:6)
  2 sky beasts (D:6)
  2 ogres (D:6)
  A bullfrog (D:2)
  A scorpion (D:4)
  A howler monkey (D:4)
  2 crimson imps (D:5)
  2 jellies (D:6)
  A bullfrog skeleton (D:3)
  A hound (D:5)
  A centaur skeleton (D:4)
  2 orc wizards (D:6)
  An iguana (D:5)
  Terence (D:2)
  5 worker ants
  A hound skeleton (D:4)
  A howler monkey zombie (D:6)
  2 worker ant zombies
  6 adders
  4 gnolls (D:6)
  An ooze (D:1)
  3 worms
  2 dart slugs
  4 leopard geckos
  10 orcs
  A ball python (D:1)
  5 giant cockroaches
  8 hobgoblins
  4 jackals (D:1)
  8 kobolds
  3 quokkas
  6 bats
  3 frilled lizards
  8 goblins
  A leopard gecko zombie (D:4)
  7 rats
113 creatures vanquished.

Vanquished Creatures (collateral kills)
  A centaur (D:6)
1 creature vanquished.

Grand Total: 114 creatures vanquished

Notes
Turn   | Place    | Note
-------+----------+-------------------------------------------
     0 | D:1      | Amnesiac the Mummy Wanderer began the quest for the Orb.
     0 | D:1      | Amnesiac set off with: 2 scrolls of teleportation {!r}, a
                  | +0 robe, a +0 club
     0 | D:1      | Reached XP level 1. HP: 13/13 MP: 6/6
     2 | D:1      | Learned a level 1 spell: Magic Dart
   210 | D:4      | Found a staircase to the Ecumenical Temple.
   276 | Temple   | Entered the Ecumenical Temple
   597 | Temple   | Became a worshipper of Dithmenos the Shadowed
   747 | D:1      | Reached XP level 2. HP: 19/19 MP: 3/8
   751 | D:1      | Learned a level 2 spell: Blink
   754 | D:1      | Learned a level 2 spell: Call Imp
   908 | D:1      | Reached skill level 2 in Conjurations
  1252 | D:1      | Reached XP level 3. HP: 24/24 MP: 5/10
  1257 | D:1      | Learned a level 3 spell: Mephitic Cloud
  1261 | D:1      | Learned a level 3 spell: Conjure Flame
  1516 | D:2      | Noticed Terence
  1541 | D:2      | Killed Terence
  1541 | D:2      | Reached * piety under Dithmenos
  1541 | D:2      | Reached skill level 3 in Conjurations
  1587 | D:2      | Reached XP level 4. HP: 19/30 MP: 11/11
  1639 | D:2      | HP: 1/30 [adder (5)]
  2566 | D:2      | Noticed a bullfrog
  2584 | D:2      | Killed a bullfrog
  2584 | D:2      | Reached skill level 4 in Conjurations
  2584 | D:2      | Reached XP level 5. HP: 19/35 MP: 9/13
  2746 | D:2      | Found a faded altar of an unknown god.
  3238 | D:3      | Found a radiant altar of Vehumet.
  3444 | D:3      | Found a white marble altar of Elyvilon.
  3513 | D:3      | Found a shattered altar of Ashenzari.
  3664 | D:3      | Found a runed door.
  3668 | D:3      | Noticed derval's ghost (weakling GnSu)
  5143 | D:4      | Reached skill level 5 in Conjurations
  5143 | D:4      | Reached XP level 6. HP: 32/41 MP: 4/14
  5663 | D:4      | Got a smoking hand crossbow
  6447 | D:5      | Entered Level 5 of the Dungeon
  6540 | D:5      | Reached skill level 6 in Conjurations
  6540 | D:5      | Reached XP level 7. HP: 35/46 MP: 0/15
  6976 | D:6      | Found Ifes's Antique Armour Emporium.
  7009 | D:6      | Noticed Prince Ribbit
  7020 | D:6      | Killed Prince Ribbit
  7020 | D:6      | Reached skill level 7 in Conjurations
  7253 | D:6      | Reached XP level 8. HP: 41/52 MP: 10/18
  7366 | D:6      | Reached ** piety under Dithmenos
  7439 | D:6      | Found Vaim's Weapon Shop.
  7573 | D:6      | Got a fine robe
  7584 | D:6      | Identified the +1 robe of the Great Game {rPois Regen+
                  | Int+3} (You took it off a centaur on level 6 of the
                  | Dungeon)
  7584 | D:6      | Identified the +8 hand crossbow "Beesky" {penet, rN+} (You
                  | found it on level 4 of the Dungeon)
  7706 | D:6      | Found an ancient bone altar of Kikubaaqudgha.
  7708 | D:6      | Found an ornate altar of the Wu Jian Council.
  7713 | D:6      | Found a bloodstained altar of Trog.
  7734 | D:6      | Reached skill level 8 in Conjurations
  7748 | D:6      | Found Qegidack's Antique Armour Emporium.
  7756 | D:6      | Bought a shiny helmet for 225 gold pieces
  7895 | D:6      | Slain by a centaur zombie

Vault maps used:
D:1:      nzn_arrival_water_spiral
D:2:      chequers_ecumenical_altar_grove, uniq_terence
D:3:      old_standard_altar, vehumet_crystals, gammafunk_ghost_grave,
          first_ration, elyvilon_altar_1
D:4:      minmay_temple_entry_junction, kennysheep_generic_room_3
D:5:      kennysheep_six_static_rooms
D:6:      grunt_temple_overflow_open, serial_shops, shop, shop,
          nicolae_shop_temple_entry_statues_fountains, uniq_prince_ribbit1
Temple:   hc_temple_tempest_star

Skill      XL: |  1  2  3  4  5  6  7  8 |
---------------+-------------------------+-----
Conjurations   | 2 3 4 5 6 7 8 |  8.0
Spellcasting   | 7 |  7.9
Transmutations | |  2.4
Evocations     | |  1.5

Action                   |  1- 3 |  4- 6 |  7- 9 || total
-------------------------+-------+-------+-------++-------
Melee: Club              |     8 |       |       ||     8
       Short sword       |    19 |   143 |   112 ||   274
 Cast: Magic Dart        |    80 |   173 |    79 ||   332
       Mephitic Cloud    |     1 |     1 |     5 ||     7
       Conjure Flame     |       |    17 |     8 ||    25
       Call Imp          |       |     4 |     3 ||     7
Evoke: Wand              |       |       |     1 ||     1
  Use: Scroll            |     3 |     5 |       ||     8
 Stab: Confused          |     2 |       |       ||     2
       Sleeping          |     1 |       |       ||     1
Armor: Robe              |    10 |    95 |    17 ||   122
Dodge: Dodged            |    19 |   301 |    74 ||   394

Table legend:
 A = Non-vault XP
 B = Vault XP
 C = Vault XP percentage of total XP
 D = Non-vault monster count
 E = Vault monster count
 F = Vault count percentage of total count
                 A         B        C        D         E       F
            +---------+---------+-------+---------+---------+-------
      Total |    1799 |     374 |  17.2 |     111 |       3 |   2.6
            +---------+---------+-------+---------+---------+-------
        D:1 |      61 |       0 |   0.0 |      25 |       0 |   0.0
        D:2 |     162 |      36 |  18.2 |      18 |       1 |   5.3
        D:3 |     114 |       0 |   0.0 |      27 |       0 |   0.0
        D:4 |     300 |      55 |  15.5 |      14 |       1 |   6.7
        D:5 |     194 |       0 |   0.0 |       6 |       0 |   0.0
        D:6 |     968 |     283 |  22.6 |      21 |       1 |   4.5
            +---------+---------+-------+---------+---------+-------
